 Dungeon Sprint DCSS version 0.26-a0-1213-gd52f5182fe (webtiles) character file.

Game seed: 11045771506653640804

375 rocky1 the Covered (level 6, -3/62 HPs)
             Began as a Deep Dwarf Fighter on Dec 31, 2020.
             Was a High Priest of Makhleb.
             Slain by a bog body (12 damage)
             ... in the Dungeon (Sprint VII: "The Pits").
             The game lasted 00:03:19 (638 turns).

rocky1 the Covered (Deep Dwarf Fighter)              Turns: 638, Time: 00:03:20

Health: -3/62      AC: 15    Str: 22    XL:     6   Next: 44%
Magic:  6/6        EV:  8    Int:  8    God:    Makhleb [*****.]
Gold:   0          SH: 11    Dex: 12    Spells: 5/5 levels left

rFire    . . .     SeeInvis .   a - +2 hand axe (vorpal)
rCold    . . .     Faith    .   c - +0 kite shield
rNeg     . . .     Spirit   .   q - +2 plate armour
rPois    .         Reflect  .   (no helmet)
rElec    .         Harm     .   (no cloak)
rCorr    .         Rampage  .   (no gloves)
Will     .....     NoTele   +   (no boots)
Stlth    ..........             (no amulet)
HPRegen  0.00/turn              (no ring)
MPRegen  0.10/turn              (no ring)

@: non-regenerating, slowed, very slow
A: damage resistance, heal wounds, sense surroundings 1, no regeneration
a: Heal Wounds, Renounce Religion, Minor Destruction, Lesser Servant of Makhleb,
Major Destruction, Greater Servant of Makhleb


You were in the Dungeon.
You worshipped Makhleb.
Makhleb was extremely pleased with you.
You visited 1 branch

Inventory:

Hand Weapons
 a - a +2 vorpal hand axe (weapon)
 o - a +2 hand axe
Armour
 c - a +0 kite shield (worn)
 q - a +2 plate armour (worn)
Scrolls
 j - a scroll of blinking
 l - 3 scrolls of remove curse
 m - 5 scrolls of amnesia
 n - a scroll of summoning
Potions
 d - a potion of might
 e - 6 potions of curing
 f - 5 potions of heal wounds
 g - a potion of haste
 h - 4 potions of magic
 i - 2 potions of berserk rage
 k - 2 potions of invisibility


   Skills:
 + Level 6.3 Fighting
 + Level 7.1 Axes
 + Level 7.6 Armour
 + Level 6.6 Dodging
 + Level 7.5 Shields


You had 5 spell levels left.
You didn't know any spells.
Your spell library was empty.

Dungeon Overview and Level Annotations

Branches:
Dungeon (1/1)

Altars:
Ashenzari
Cheibriados
Dithmenos
Elyvilon
Fedhas
Gozag
Hepliaklqana
Kikubaaqudgha
Makhleb
Nemelex Xobeh
Okawaru
Qazlal
Ru
Sif Muna
Trog
Uskayaw
Vehumet
Wu Jian
Xom
Yredelemnul
Zin
The Shining One
Beogh
Jiyva
Lugonu


Innate Abilities, Weirdness & Mutations

You are resistant to damage.
You can heal yourself by infusing magical energy.
You passively map a small area around you.
You do not regenerate.


Message History

The bog body gestures at you while chanting.
You resist with significant effort.
You closely miss the bog body.
The bog body is heavily damaged.
The bog body touches you! The bog body freezes you!!
Your plate armour prevents you from hitting the bog body.
The bog body is heavily damaged.
The bog body touches you! The bog body freezes you!!
* * * LOW HITPOINT WARNING * * *
The bog body completely misses you.
Your plate armour prevents you from hitting the bog body.
The bog body is heavily damaged.
The bog body gestures at you while chanting.
You feel as though you will be slow longer.
The bog body gestures at you while chanting.
You resist with significant effort.
Your plate armour prevents you from hitting the bog body.
The bog body is heavily damaged.
The bog body touches you!
You die...

#.#...).)[.##.......#*
,
#†#...)))..##.......#
,
#'###########.......#*
#.......# #########
#..#.#..# #†##.##.#,
,, , #.).....#+# ,, *
#.##.##.#n+ ,
#..#.#..#@#, , , *
#.......'.# * ,
########### **


You could see a bog body.

Vanquished Creatures
  2 phantoms (D)
  A bullfrog (D)
  A gnoll shaman (D)
  A hound (D)
  4 gnolls (D)
  A river rat (D)
  3 ufetubi (D)
  A leopard gecko (D)
  A giant cockroach (D)
  2 kobolds (D)
  A ball python (D)
  A bat (D)
  A goblin (D)
20 creatures vanquished.

Notes
Turn   | Place    | Note
-------+----------+-------------------------------------------
     0 | D        | rocky1 the Deep Dwarf Fighter began the quest for the Orb.
     0 | D        | Reached XP level 1. HP: 20/20 MP: 1/1
    24 | D        | Found a bloodstained altar of Trog.
    24 | D        | Found a shimmering blue altar of Sif Muna.
    24 | D        | Found a viscous altar of Jiyva.
    24 | D        | Found a hazy altar of Hepliaklqana.
    24 | D        | Found an opulent altar of Gozag.
    25 | D        | Found a glowing golden altar of the Shining One.
    25 | D        | Found a glowing silver altar of Zin.
    25 | D        | Found a basalt altar of Yredelemnul.
    25 | D        | Found a shimmering altar of Xom.
    25 | D        | Found an ornate altar of the Wu Jian Council.
    25 | D        | Found a sacrificial altar of Ru.
    25 | D        | Found a stormy altar of Qazlal.
    25 | D        | Found an iron altar of Okawaru.
    25 | D        | Found a sparkling altar of Nemelex Xobeh.
    25 | D        | Found a burning altar of Makhleb.
    25 | D        | Found a blossoming altar of Fedhas.
    25 | D        | Found a white marble altar of Elyvilon.
    25 | D        | Found a shadowy altar of Dithmenos.
    25 | D        | Found a snail-covered altar of Cheibriados.
    28 | D        | Found a corrupted altar of Lugonu.
    28 | D        | Found a radiant altar of Vehumet.
    28 | D        | Found a roughly hewn altar of Beogh.
    29 | D        | Found an ancient bone altar of Kikubaaqudgha.
    29 | D        | Found a hide-covered altar of Uskayaw.
    29 | D        | Found a broken altar of Ashenzari.
    39 | D        | Became a worshipper of Makhleb the Destroyer
    83 | D        | Reached skill level 1 in Dodging
    99 | D        | Reached * piety under Makhleb
   214 | D        | Reached XP level 2. HP: 5/28 MP: 2/2
   322 | D        | Reached ** piety under Makhleb
   327 | D        | Reached XP level 3. HP: 36/36 MP: 3/3
   331 | D        | Reached skill level 5 in Armour
   332 | D        | Reached *** piety under Makhleb
   333 | D        | Reached skill level 5 in Shields
   333 | D        | Reached XP level 4. HP: 44/44 MP: 4/4
   562 | D        | Noticed a phantom
   562 | D        | Noticed a phantom
   569 | D        | Reached skill level 5 in Axes
   589 | D        | Noticed a bullfrog
   600 | D        | Killed a bullfrog
   600 | D        | Reached **** piety under Makhleb
   601 | D        | Reached skill level 5 in Fighting
   601 | D        | Reached skill level 5 in Dodging
   601 | D        | Reached XP level 5. HP: 30/52 MP: 5/5
   601 | D        | Killed a phantom
   602 | D        | Reached XP level 6. HP: 47/62 MP: 6/6
   611 | D        | Reached ***** piety under Makhleb
   631 | D        | Noticed a bog body
   638 | D        | Slain by a bog body

Illustrated notes

Levels and vault maps discovered:
D:        pitsprint [storerooms_1, entrance_room_1, metal_vault_1, armoury_1,
          mini_pit_1, grid_room_1, main_hall_1, silver_pit, the_coven_3,
          the_vestibule_1, steel_vault_1, golden_pit, hallway_of_sentries,
          crystal_vault_3, iron_vault_1, final_vault]

Skill      XL: |  1  2  3  4  5  6 |
---------------+-------------------+-----
Dodging        | 2 3 5 6 |  6.6
Fighting       | 3 4 5 6 |  6.3
Axes           | 3 4 5 6 7 |  7.1
Armour         | 4 5 6 7 |  7.6
Shields        | 4 5 6 7 |  7.5

Action                   |  1- 3 |  4- 6 || total
-------------------------+-------+-------++-------
Melee: Hand axe          |    38 |    44 ||    82
       War axe           |     3 |       ||     3
  Use: Potion            |     2 |       ||     2
Armor: Scale mail        |     9 |       ||     9
       Plate armour      |       |    21 ||    21
Dodge: Dodged            |     9 |    18 ||    27
Block: Kite shield       |    12 |    23 ||    35

Table legend: (Time is in decaauts)
 A = Elapsed time spent in this place.
 B = Non-inter-level travel time spent in this place.
 C = Inter-level travel time spent in this place.
 D = Time resting spent in this place.
 E = Time spent auto-exploring this place.
 F = Levels seen in this place.
 G = Mean time per level.
                   A        B        C        D        E       F      G
               +--------+--------+--------+--------+--------+-----+--------+
         Total |    659 |    659 |      0 |    342 |      0 |   1 |  659.0 |
       Dungeon |    659 |    659 |      0 |    342 |      0 |   1 |  659.0 |
               +--------+--------+--------+--------+--------+-----+--------+

Top non-repeatable levels by time:
       D: 659 daAuts
